 Dungeon Crawl Stone Soup version 0.20.1-2-g1830e616b0 (webtiles) character file.

667 Alfie the Shooter (level 7, -3/53 HPs)
             Began as a Human Hunter on Jan 28, 2020.
             Slain by Alfie's ghost (5 damage)
             ... on level 5 of the Dungeon.
             The game lasted 00:16:15 (3197 turns).

Alfie the Shooter (Human Hunter)                    Turns: 3197, Time: 00:16:16

Health: -3/53      AC:  4    Str: 14    XL:     7   Next: 88%
Magic:  0/7        EV: 12    Int: 11    God:
Gold:   164        SH:  0    Dex: 14    Spells: 5/6 levels left

rFire    . . .     SeeInvis .   b - +0 short sword
rCold    . . .     Gourm    .   (no shield)
rNeg     . . .     Faith    .   c - +1 leather armour
rPois    .         Spirit   +   (no helmet)
rElec    .         Reflect  .   v - scarf {Spirit}
rCorr    .         Harm     .   (no gloves)
MR       .....                  (no boots)
Stlth    ++........             (no amulet)
Regen    0.2/turn               (no ring)
MPRegen  0.1/turn               (no ring)

@: no status effects
A: no striking features
a: no special abilities


You were on level 5 of the Dungeon.
You were not hungry.

You visited 1 branch of the dungeon, and saw 5 of its levels.
You also visited: Sewer.

You collected 164 gold pieces.

Inventory:

Hand Weapons
 a - a +1 shortbow
 b - a +0 short sword (weapon)
Missiles
 x - 21 poisoned needles
Armour
 c - a +1 leather armour (worn)
 v - a scarf of spirit shield (worn)
 w - a +4 scale mail
Jewellery
 g - an uncursed amulet of magic regeneration {unknown}
 k - a +4 ring of strength {unknown}
Wands
 D - a wand of disintegration (12/24)
Scrolls
 l - 4 scrolls of amnesia
 p - 2 scrolls of recharging
 r - a scroll of fog
 s - a scroll of fear
 y - a scroll of teleportation
Potions
 e - a potion of might
 o - a potion of berserk rage {unknown}
 q - a potion of cancellation
 t - a potion of invisibility {unknown}
 u - a potion of resistance {unknown}
 z - a potion of agility
Books
 B - a book of Frost

   Spells                             Type                      Level
   a - Freeze                         Ice                          1
   b - Throw Frost                    Conjuration/Ice              2
   c - Ozocubu's Armour               Charms/Ice                   3
   d - Throw Icicle                   Conjuration/Ice              4
   e - Summon Ice Beast               Ice/Summoning                4
Comestibles
 f - 3 bread rations
 n - a meat ration


   Skills:
 + Level 3.9 Fighting
 + Level 7.4 Bows
 + Level 2.6 Armour
 + Level 2.6 Dodging
 + Level 1.6 Stealth


You had 5 spell levels left.
You knew the following spells:

 Your Spells              Type           Power        Failure   Level  Hunger
a - Freeze                Ice            #...         41%         1    ##.....


Dungeon Overview and Level Annotations

Branches:
Dungeon (5/15)
 Temple: D:4-7

Altars:
Ashenzari
Dithmenos
Gozag

Shops:
D:4 [

Annotations:
D:5 Alfie's ghost, novice HuHu


Message History

You feel a little less agile now. Alfie's ghost hits you.
* * * LOW HITPOINT WARNING * * *
You miss Alfie's ghost.
Alfie's ghost is severely damaged.
Alfie's ghost hits you but does no damage.
You barely miss Alfie's ghost.
Alfie's ghost is severely damaged.
Alfie's ghost hits you.
* * * LOW HITPOINT WARNING * * *
You barely miss Alfie's ghost.
Alfie's ghost is severely damaged.
Alfie's ghost hits you.
You hit Alfie's ghost but do no damage.
Alfie's ghost is severely damaged.
Alfie's ghost barely misses you.
You miss Alfie's ghost.
Alfie's ghost is severely damaged.
Alfie's ghost hits you.
You die...

## #. .# #.# .# ##.#
#.# ...... #.## #
#.##.# ...# #.
..##.#####..# #..
##.##(.((W@..# #..(
..##..#####.# #....
#.#....P# #.#
.....(#.#....8# #<###
..........P...# #...#
........#...[.#####.###
#....####......## #...#
#.## ######..# ###<# #
#.....# #.#


You could see Alfie's ghost.

Vanquished Creatures
  The ghost of Alfie the Shooter, an amateur HuHu (D:4)
  Purgy (Sewer)
  A scorpion (D:4)
  A centaur zombie (D:5)
  An orc priest (D:3)
  A bullfrog skeleton (D:4)
  An orc wizard (D:4)
  Ijyb (D:4)
  Terence (D:3)
  2 worker ants
  2 adders (D:4)
  2 oozes (D:1)
  3 worms (D:4)
  A dart slug (D:1)
  2 leopard geckos
  7 orcs
  11 bats
  A giant cockroach (D:4)
  7 hobgoblins
  2 jackals (Sewer)
  5 frilled lizards
  9 goblins
  6 kobolds
  A quokka zombie (D:5)
  6 rats
76 creatures vanquished.

Notes
Turn   | Place    | Note
-------+----------+-------------------------------------------
     0 | D:1      | Alfie the Human Hunter began the quest for the Orb.
     0 | D:1      | Reached XP level 1. HP: 16/16 MP: 1/1
   171 | D:1      | Found a shattered altar of Ashenzari.
   291 | D:1      | Reached XP level 2. HP: 22/22 MP: 2/2
   584 | D:1      | Reached XP level 3. HP: 27/27 MP: 3/3
  1066 | D:2      | Found a shadowy altar of Dithmenos.
  1554 | D:3      | Reached skill level 5 in Bows
  1554 | D:3      | Reached XP level 4. HP: 34/34 MP: 4/4
  1746 | D:3      | Found a glowing drain.
  1771 | Sewer    | Entered a sewer
  1784 | Sewer    | Reached skill level 1 in Armour
  1849 | Sewer    | Noticed Purgy
  1861 | Sewer    | Killed Purgy
  1861 | Sewer    | Reached XP level 5. HP: 10/41 MP: 5/5
  2063 | D:3      | Reached XP level 6. HP: 43/47 MP: 6/6
  2133 | D:3      | Noticed Terence
  2144 | D:3      | Killed Terence
  2206 | D:3      | Found an opulent altar of Gozag.
  2525 | D:4      | Reached skill level 6 in Bows
  2556 | D:4      | Found Faqaqaim's Armour Shoppe.
  2607 | D:4      | Noticed Alfie's ghost (amateur HuHu)
  2625 | D:4      | Killed Alfie's ghost
  2625 | D:4      | Reached XP level 7. HP: 15/52 MP: 3/7
  2836 | D:4      | Reached skill level 7 in Bows
  2927 | D:4      | Noticed Ijyb
  2947 | D:4      | Killed Ijyb
  3066 | D:4      | Learned a level 1 spell: Freeze
  3068 | D:5      | Entered Level 5 of the Dungeon
  3116 | D:5      | Noticed Alfie's ghost (novice HuHu)
  3194 | D:5      | HP: 1/53 [Alfie's ghost (3)]
  3197 | D:5      | Slain by Alfie's ghost

Skill      XL: |  1  2  3  4  5  6  7 |
---------------+----------------------+-----
Bows           | 5 6 7 |  7.4
Armour         | 2 |  2.6
Fighting       | 3 |  3.9
Dodging        | |  2.6
Stealth        | |  1.6

Action                   |  1- 3 |  4- 6 |  7- 9 || total
-------------------------+-------+-------+-------++-------
Melee: Short sword       |     1 |    13 |    46 ||    60
 Fire: Shortbow          |    65 |    94 |    97 ||   256
  Use: Scroll            |     5 |     4 |     1 ||    10
       Potion            |       |     1 |     6 ||     7
  Eat: Royal jelly       |     1 |     2 |     1 ||     4
Armor: Leather armour    |     3 |    19 |    13 ||    35
Dodge: Dodged            |    14 |    51 |    41 ||   106
